 Dungeon Crawl Stone Soup version 0.21-a0-140-g479285b (webtiles) character file.

2426 Ordine the Magician (level 9, -3/46 HPs)
             Began as a Deep Elf Wizard on July 20, 2017.
             Slain by an unseen horror (8 damage)
             ... on level 6 of the Dungeon.
             The game lasted 00:23:04 (6795 turns).

Ordine the Magician (Deep Elf Wizard)               Turns: 6795, Time: 00:23:05

Health: -3/46      AC:  4    Str:  4    XL:     9   Next: 24%
Magic:  8/22       EV: 15    Int: 27    God:
Gold:   62         SH:  0    Dex: 13    Spells: 5/23 levels left

rFire    + . .     SeeInvis .   z - +0 dagger (venom)
rCold    . . .     Gourm    .   (no shield)
rNeg     . . .     Faith    .   a - +0 robe
rPois    .         Spirit   .   F - +0 helmet
rElec    .         Reflect  .   (no cloak)
rCorr    +         Harm     .   g - +0 pair of gloves
MR       .....                  (no boots)
Stlth    +++.......             (no amulet)
HPRegen  0.55/turn              j - ring of flight
MPRegen  0.18/turn              s - ring of resist corrosion

@: no status effects
A: rugged brown scales 1, deformed body, fire resistance 1, regeneration 1
a: Evoke Flight


You were on level 6 of the Dungeon.
You were hungry.

You visited 1 branch of the dungeon, and saw 6 of its levels.

You collected 278 gold pieces.
You spent 216 gold pieces at shops.

Inventory:

Hand Weapons
 h - a +3 vampiric spear
 z - a +0 dagger of venom (weapon)
Armour
 a - a +0 robe (worn)
 g - a +0 pair of gloves (worn)
 F - a +0 helmet (worn)
Jewellery
 j - a ring of flight (left hand)
 s - a ring of resist corrosion (right hand)
Wands
 p - a wand of iceblast (4/15)
 u - a wand of lightning (10/15)
Scrolls
 f - 2 scrolls of teleportation
 i - a scroll of amnesia
 m - a scroll of fog
 o - a scroll of recharging
 A - 2 scrolls of fear
 B - 2 scrolls of remove curse
 E - a scroll of blinking
Potions
 e - 2 potions of cancellation
 l - a potion of haste
 r - 2 potions of brilliance
 t - a potion of flight {unknown}
 v - a potion of mutation
 w - a potion of berserk rage {unknown}
 x - a potion of heal wounds {unknown}
 C - a potion of ambrosia {unknown}
Books
 c - a book of Minor Magic

   Spells                             Type                      Level
   a - Magic Dart                     Conjuration                  1
   b - Blink                          Translocation                2
   c - Call Imp                       Summoning                    2
   d - Slow                           Hexes                        2
   e - Conjure Flame                  Conjuration/Fire             3
   f - Mephitic Cloud                 Conjuration/Poison/Air       3
 y - a book of Air

   Spells                             Type                      Level
   a - Shock                          Conjuration/Air              1
   b - Swiftness                      Charms/Air                   2
   c - Static Discharge               Conjuration/Air              3
   d - Airstrike                      Air                          4
   e - Lightning Bolt                 Conjuration/Air              5
Comestibles
 d - 5 bread rations
 k - 2 meat rations
 n - 4 fruits
 q - 2 royal jellies


   Skills:
 + Level 5.9 Dodging
 + Level 6.5 Stealth
 + Level 7.6 Spellcasting
 + Level 5.0 Conjurations
   Level 1.1 Summonings
 - Level 4.0 Translocations
 + Level 4.6 Fire Magic
 + Level 3.9 Air Magic
 + Level 2.0 Poison Magic
 + Level 3.8 Evocations


You had 5 spell levels left.
You knew the following spells:

 Your Spells              Type           Power        Failure   Level  Hunger
a - Magic Dart            Conj           ####         1%          1    None
b - Blink                 Tloc           N/A          1%          2    None
c - Conjure Flame         Conj/Fire      #####...     2%          3    None
d - Mephitic Cloud        Conj/Pois/Air  ####....     3%          3    None
e - Airstrike             Air            ####......   11%         4    ##.....
f - Lightning Bolt        Conj/Air       ####......   24%         5    ####...


Dungeon Overview and Level Annotations

Branches:
Dungeon (6/15)
 Temple: D:4-7

Altars:

Shops:
D:5 [=*


Innate Abilities, Weirdness & Mutations

You are partially covered in rugged brown scales. (AC +1, +3% HP)
Armour fits poorly on your strangely shaped body.
Your flesh is heat resistant. (rF+)
Your natural rate of healing is unusually fast.


Message History

Confirm with . or Enter, or press ? or * to list all spells.
You blink.
Casting: Blink
Confirm with . or Enter, or press ? or * to list all spells.
You can't see any susceptible monsters within range! (Use Z to cast anyway.)
Casting: Blink
Confirm with . or Enter, or press ? or * to list all spells.
Aiming: Magic Dart
Press: ? - help, Shift-Dir - straight line The magic dart hits something.
Something hits you.
* * * LOW HITPOINT WARNING * * *
Casting: Magic Dart
Confirm with . or Enter, or press ? or * to list all spells.
You blink.
Something closely misses you.
It was a potion of mutation.
You feel extremely strange.
You feel resistant to heat.
Your body twists and deforms.
You begin to heal more quickly.
Rugged brown scales grow over part of your body.
Something hits you!
You die...

#.......##....#########
### #......(##.#### ..#
#.......##>#
#.###.......##.#
#.##......§.§..#
#######.##........######
......).##.............#
.#..........#.......(..#
#..........#.[.@......#
#..........#..........#
#..(.(.....#.[........#
###+#{#.#.##..........#
#.#<#.#.##..........#
#.#((.#.#############
#.#####.# #.# #.#
#<#####.#


There were no monsters in sight!

Vanquished Creatures
  Pikel (D:3)
  The ghost of Ordine the Magician, an amateur DEWz (D:4)
  Sigmund (D:2)
  A sky beast (D:5)
  2 ice beasts
  3 ogres (D:5)
  A centaur (D:6)
  2 bullfrogs
  A scorpion (D:4)
  3 crimson imps
  A gnoll shaman (D:4)
  3 hounds
  A centaur skeleton (D:4)
  2 orc priests (D:5)
  5 orc wizards
  2 bullfrog skeletons
  2 iguanas (D:5)
  2 worker ants (D:4)
  A hound skeleton (D:6)
  A howler monkey zombie (D:5)
  2 worker ant zombies
  13 gnolls
  4 adders
  An adder skeleton (D:6)
  3 worms
  A dart slug (D:3)
  2 leopard geckos (D:3)
  13 orcs
  4 giant cockroaches
  5 goblins
  3 hobgoblins
  7 kobolds
  A quokka (D:1)
  9 bats
  A leopard gecko zombie (D:5)
  A quokka zombie (D:5)
  3 rats
109 creatures vanquished.

Vanquished Creatures (others)
  A worker ant (D:4)
  A howler monkey skeleton (D:4)
  A leopard gecko (D:4)
3 creatures vanquished.

Grand Total: 112 creatures vanquished

Notes
Turn   | Place    | Note
-------+----------+-------------------------------------------
     0 | D:1      | Ordine the Deep Elf Wizard began the quest for the Orb.
     0 | D:1      | Reached XP level 1. HP: 10/10 MP: 7/7
   222 | D:1      | Reached XP level 2. HP: 15/15 MP: 5/9
   231 | D:1      | Learned a level 2 spell: Blink
   592 | D:2      | Noticed Sigmund
   681 | D:2      | Reached skill level 5 in Spellcasting
   704 | D:2      | Reached XP level 3. HP: 19/19 MP: 2/11
   709 | D:2      | Learned a level 3 spell: Conjure Flame
   713 | D:2      | Learned a level 3 spell: Mephitic Cloud
   792 | D:2      | Killed Sigmund
   792 | D:2      | Reached XP level 4. HP: 10/24 MP: 0/13
   792 | D:2      | Reached XP level 5. HP: 12/28 MP: 0/15
  2278 | D:4      | Noticed a slave
  2284 | D:4      | Noticed a slave
  2284 | D:4      | Noticed a slave
  2285 | D:4      | Noticed Pikel
  2290 | D:4      | Noticed a slave
  2355 | D:3      | Killed Pikel
  2355 | D:3      | Reached skill level 6 in Spellcasting
  2355 | D:3      | Reached skill level 1 in Air Magic
  2355 | D:3      | Reached XP level 6. HP: 28/32 MP: 1/17
  2355 | D:3      | Reached XP level 7. HP: 32/36 MP: 1/18
  2675 | D:4      | Reached skill level 5 in Stealth
  2944 | D:4      | Noticed Ordine's ghost (amateur DEWz)
  2981 | D:4      | Killed Ordine's ghost
  2981 | D:4      | Reached XP level 8. HP: 15/41 MP: 1/20
  3528 | D:4      | Learned a level 4 spell: Airstrike
  3534 | D:4      | Learned a level 5 spell: Lightning Bolt
  3766 | D:5      | Entered Level 5 of the Dungeon
  3766 | D:5      | Found Moba's Antique Armour Emporium.
  3769 | D:5      | Reached skill level 5 in Dodging
  3773 | D:5      | Bought a brightly glowing hat for 216 gold pieces
  3783 | D:5      | Identified the cursed -4 hat "Atias" {rF+ Int+3} (You bought it in a shop on level 5 of the Dungeon)
  3911 | D:5      | Found Ored's Jewellery Emporium.
  4039 | D:5      | Reached skill level 7 in Spellcasting
  4901 | D:5      | Found Haiklet's General Store.
  5324 | D:5      | Reached skill level 1 in Poison Magic
  5451 | D:5      | Reached XP level 9. HP: 45/45 MP: 13/22
  5693 | D:5      | HP: 1/45 [something (5)]
  6450 | D:6      | Reached skill level 5 in Conjurations
  6795 | D:6      | Gained mutation: Your flesh is heat resistant. (rF+) [potion of mutation]
  6795 | D:6      | Gained mutation: Armour fits poorly on your strangely shaped body. [potion of mutation]
  6795 | D:6      | Gained mutation: Your natural rate of healing is unusually fast. [potion of mutation]
  6795 | D:6      | Gained mutation: You are partially covered in rugged brown scales. (AC +1, +3% HP) [potion of mutation]
  6795 | D:6      | Slain by an unseen horror

Vault maps used:
D:1:      scummos_arrival_simple_fountains
D:2:      uniq_sigmund
D:3:      hex_tiny
D:4:      uniq_pikel
D:5:      serial_shops, shop, shop, shop, first_bread, serial_glass,
          glass_columns_a, glass_columns_c, glass_columns_a, glass_columns_c,
          kennysheep_generic_room_5
D:6:      minmay_temple_entry_overgrown, uniq_blork_the_orc

Skill      XL: |  1  2  3  4  5  6  7  8  9 |
---------------+----------------------------+-----
Spellcasting   | 5 6 7 |  7.6
Dodging        | 3 4 5 |  5.9
Stealth        | 3 4 5 6 |  6.5
Conjurations   | 2 3 4 5 |  5.0
Translocations | 2 3 4 |  4.0
Fire Magic     | 2 4 |  4.6
Air Magic      | 1 2 3 |  3.9
Evocations     | 2 3 |  3.8
Poison Magic   | 1 2 |  2.0
Summonings     | |  1.1

Action                   |  1- 3 |  4- 6 |  7- 9 || total
-------------------------+-------+-------+-------++-------
Melee: Unarmed           |     5 |       |       ||     5
       Spear             |       |     9 |    78 ||    87
       Dagger            |       |       |     3 ||     3
 Cast: Magic Dart        |    58 |    64 |   296 ||   418
       Mephitic Cloud    |     1 |     1 |    12 ||    14
       Conjure Flame     |       |     1 |    17 ||    18
       Blink             |       |     1 |    17 ||    18
  Use: Scroll            |     3 |    10 |     3 ||    16
       Potion            |     1 |       |     4 ||     5
 Stab: Confused          |       |     2 |     1 ||     3
  Eat: Chunk             |       |     3 |    14 ||    17
       Bread ration      |       |     1 |       ||     1
Armor: Robe              |     3 |       |    11 ||    14
Dodge: Dodged            |    13 |     8 |    91 ||   112
